 Dungeon Crawl Stone Soup version 0.31-a0-455-g1a7b003ef0 (webtiles) character file.

Game seed: 6696734649284459000

1832173 Anon1729 the Slayer (level 25, 239/239 HPs)
             Began as a Minotaur Monk on Aug 3, 2023.
             Was a Follower of Uskayaw.
             Escaped with the Orb
             ... and 3 runes!
             The game lasted 01:00:48 (55115 turns).

Anon1729 the Slayer (Minotaur Monk)                Turns: 55115, Time: 01:00:49

Health: 239/239    AC: 32    Str: 16    XL:     25   Next: 7%
Magic:  47/47      EV: 12    Int: 11    God:    Uskayaw [*.....]
Gold:   1701       SH: 36    Dex: 28    Spells: 24/24 levels left

rFire   + + .        u - +8 demon blade "Leech" {evervamp, Harm Drain rN+}
rCold   + . .        b - +18 shield of the Gong {Loud rN+ Will+ rCorr EV-5}
rNeg    + + +        a - +1 gold dragon scales "Elinn" {Harm rPois rF+ rC+ Int+2}
rPois   +            (helmet restricted)
rElec   .            y - scarf {repulsion}
rCorr   +            B - +2 pair of gloves {Stlth+}
SInv    +            r - +2 pair of slick slippers {slick, slippery, EV+4}
Will    +++..        w - amulet "Nuidom" {Faith Harm Rampage Drain +Inv rN+} Stlth
                     M - ring "Voythram" {MP+9 SInv}
HPRegen 0.59/turn    N - ring "Biwiez" {rPois rF+ Int+3 Slay+2}
MPRegen 0.30/turn

%: harm (+45% outgoing, +30% incoming), repel missiles, rampage, faith
@: no status effects
A: horns 2, retaliatory headbutt, iridescent scales 1, agile 1, deterioration 1,
high MP 1, strong-willed 1, inability to read after injury 1
0: Orb of Zot
}: 3/15 runes: decaying, silver, gossamer
a: Renounce Religion, Evoke Invisibility, Stomp


You escaped.
You worshipped Uskayaw.
Uskayaw was most pleased with you.
You visited 9 branches of the dungeon, and saw 45 of its levels.
You also visited: Trove, Ossuary, Gauntlet and Ice Cave.

You collected 7084 gold pieces.
You spent 5383 gold pieces at shops.

Inventory:

Hand Weapons
 u - the +8 demon blade "Leech" (weapon) {evervamp, Harm Drain rN+}
   (You bought it in a shop on level 15 of the Dungeon)

   rN:        It protects you from negative energy.
   Drain:     It drains your maximum health when unequipped.
   Harm:      It increases damage dealt and taken.
 Y - a +2 rapier of speed
Missiles
 t - 4 throwing nets
Armour
 a - the +1 gold dragon scales "Elinn" (worn) {Harm rPois rF+ rC+ Int+2}
   (You found it in a treasure trove)

   Int:       It affects your intelligence (+2).
   rF:        It protects you from fire.
   rC:        It protects you from cold.
   rPois:     It protects you from poison.
   Harm:      It increases damage dealt and taken.
 b - the +18 shield of the Gong (worn) {Loud rN+ Will+ rCorr EV-5}
   (You found it on level 1 of the Vaults)

   Loud:      It is deafeningly noisy when blocking attacks.
   EV:        It affects your evasion (-5).
   rN:        It protects you from negative energy.
   rCorr:     It protects you from acid and corrosion.
   Will:      It increases your willpower.
 r - the +2 pair of slick slippers (worn) {slick, slippery, EV+4}
   (You acquired it on level 2 of the Swamp)

   Slick:     Its wearer cannot be constricted, engulfed, netted or webbed.
   Slippery:  Its wearer slips away from damaging melee attacks, pulling the
   attacker onward.
   EV:        It affects your evasion (+4).
 y - a scarf of repulsion (worn)
 B - a +2 pair of gloves of stealth (worn)
 R - the +8 ring mail "Hodd" {rC++ MP+9 Dex-2 SInv}
   (You took it off a minotaur in a Gauntlet)

   Dex:       It affects your dexterity (-2).
   rC:        It greatly protects you from cold.
   MP:        It affects your magic capacity (+9).
   SInv:      It lets you see invisible.
 Z - the +3 pair of seven-league boots {Rampage+∞}
   (You found it on level 4 of the Spider Nest)

   Rampage+∞: When moving toward enemies, its wearer moves as far as possible,
   alerting their target en route.
Jewellery
 w - the amulet "Nuidom" (around neck) {Faith Harm Rampage Drain +Inv rN+}
   (You bought it in a shop on level 2 of the Dungeon)

   [amulet of faith]

   It allows you to gain divine favour quickly.
   rN:        It protects you from negative energy.
   +Inv:      It lets you turn invisible.
   Drain:     It drains your maximum health when unequipped.
   Harm:      It increases damage dealt and taken.
   Rampage:   It bestows one free step when moving towards enemies.
 I - a ring of flight
 M - the ring "Voythram" (left hand) {MP+9 SInv}
   (You bought it in a shop on level 5 of the Vaults)

   [ring of magical power]

   MP:        It affects your magic capacity (+9).
   SInv:      It lets you see invisible.
 N - the ring "Biwiez" (right hand) {rPois rF+ Int+3 Slay+2}
   (You took it off a minotaur in a Gauntlet)

   [ring of poison resistance]

   Int:       It affects your intelligence (+3).
   Slay:      It affects your accuracy & damage with ranged weapons and melee
   (+2).
   rF:        It protects you from fire.
   rPois:     It protects you from poison.
 V - a ring of resist corrosion
 X - a ring of willpower
Wands
 c - a wand of iceblast (4)
 g - a wand of mindburst (41)
 l - a wand of digging (15)
 z - a wand of paralysis (29)
 E - a wand of polymorph (16)
 J - a wand of light (14)
 T - a wand of flame (41)
Scrolls
 f - 11 scrolls of enchant weapon
 i - 6 scrolls of blinking
 n - 13 scrolls of teleportation
 x - 4 scrolls of fear
 C - 2 scrolls of enchant armour
 D - 5 scrolls of brand weapon
 F - 8 scrolls of vulnerability
 H - 8 scrolls of silence
 K - 5 scrolls of torment
 L - 5 scrolls of revelation
 O - 5 scrolls of butterflies
 Q - a scroll of fog
 U - a scroll of poison
Potions
 e - a potion of invisibility
 h - 5 potions of might
 j - 2 potions of magic
 k - 7 potions of lignification
 m - 2 potions of heal wounds
 o - 23 potions of curing
 p - 4 potions of cancellation
 q - 6 potions of brilliance
 s - 7 potions of enlightenment
 A - 3 potions of resistance
 G - 23 potions of ambrosia
 P - 9 potions of attraction
 S - 4 potions of mutation
 W - a potion of haste
Miscellaneous
 d - a condenser vane
 v - a sack of spiders


   Skills:
 + Level 22.3 Fighting
 + Level 20.3(21.4) Short Blades
 + Level 13.3(19.1) Long Blades
 + Level 21.6 Armour
 + Level 20.2 Dodging
 * Level 20.4 Shields
 + Level 18.5 Invocations
 + Level 11.5 Evocations


You had 24 spell levels left.
You didn't know any spells.
Your spell library contained the following spells:

 Spells                   Type           Power      Damage    Failure   Level
 Apportation              Tloc           0%         N/A       100%        1
 Necrotise                Necr           0%         1d4       100%        1
 Sandblast                Erth           0%         2d4       100%        1
 Shock                    Conj/Air       0%         1d3       100%        1
 Summon Small Mammal      Summ           0%         N/A       100%        1
 Blink                    Tloc           0%         N/A       100%        2
 Cigotuvi's Dreadful Rot  Necr/Pois/Air  0%         N/A       100%        2
 Ensorcelled Hibernation  Hex/Ice        0%         N/A       100%        2
 Lesser Beckoning         Tloc           0%         N/A       100%        2
 Momentum Strike          Conj/Tloc      0%         3d8       100%        2
 Passwall                 Tmut/Erth      0%         N/A       100%        2
 Sublimation of Blood     Necr           0%         N/A       100%        2
 Wereblood                Tmut           0%         N/A       100%        2
 Call Canine Familiar     Summ           0%         N/A       100%        3
 Hailstorm                Conj/Ice       0%         3d3       100%        3
 Ignite Poison            Fire/Tmut/Pois 0%         N/A       100%        3
 Inner Flame              Hex/Fire       0%         N/A       100%        3
 Portal Projectile        Hex/Tloc       0%         N/A       100%        3
 Stone Arrow              Conj/Erth      0%         3d7       100%        3
 Summon Guardian Golem    Hex/Summ       0%         N/A       100%        3
 Swiftness                Air            0%         N/A       100%        3
 Vampiric Draining        Necr           0%         2d6       100%        3
 Airstrike                Air            0%         2d(0-16)  100%        4
 Animate Armour           Summ/Erth      0%         N/A       100%        4
 Flame Wave               Conj/Fire      0%         2d4       100%        4
 Leda's Liquefaction      Hex/Erth       0%         N/A       100%        4
 Manifold Assault         Tloc           0%         N/A       100%        4
 Petrify                  Tmut/Erth      0%         N/A       100%        4
 Sticky Flame             Conj/Fire      0%         2d3       100%        4
 Summon Ice Beast         Ice/Summ       0%         N/A       100%        4
 Agony                    Necr           0%         N/A       100%        5
 Freezing Cloud           Conj/Ice/Air   0%         6-21      100%        5
 Irradiate                Conj/Tmut      0%         3d11      100%        5
 Silence                  Hex/Air        0%         N/A       100%        5
 Death Channel            Necr           0%         N/A       100%        6
 Dispersal                Tloc           0%         N/A       100%        6
 Simulacrum               Ice/Necr       0%         N/A       100%        6
 Enfeeble                 Hex            0%         N/A       100%        7
 Orb of Destruction       Conj           0%         9d5       100%        7
 Spellforged Servitor     Conj/Summ      0%         N/A       100%        7
 Summon Hydra             Summ           0%         N/A       100%        7
 Lehudib's Crystal Spear  Conj/Erth      0%         10d2      100%        8


Dungeon Overview and Level Annotations

Branches:
Dungeon (15/15)            Temple (1/1) D:7            Lair (5/5) D:9
  Swamp (4/4) Lair:2       Spider (4/4) Lair:2        Slime (0/5) Lair:5
    Orc (2/2) D:10            Elf (0/3) Orc:2        Vaults (5/5) D:13
  Crypt (0/3) Vaults:3     Depths (4/4) D:15            Zot (5/5) Depths:4
Ossuary (visited)           IceCv (visited)         Gauntlet (visited)

Altars:
Ashenzari
Cheibriados
Dithmenos
Elyvilon
Fedhas
Gozag
Hepliaklqana
Kikubaaqudgha
Makhleb
Nemelex Xobeh
Okawaru
Qazlal
Ru
Sif Muna
Trog
Uskayaw
Vehumet
Wu Jian
Xom
Yredelemnul
Zin
The Shining One
Jiyva

Shops:
D:1 (   D:2 =   D:13 *   D:14 (   D:15 *(=?(   Orc:1 [   Orc:2 =***
Vaults:1 *   Vaults:3 [   Vaults:5 (=!

Portals:
Hell: Depths:1 Depths:2 Depths:4
Abyss: D:4
Pandemonium: Depths:2 Depths:4
Ziggurat: Depths:4

Annotations:
D:4 2 transporters, Voda's ghost, amateur FeCK
D:10 3 runed translucent doors, zorkdork's ghost, journeyman GrFi
Vaults:1 3 runed translucent doors, Ciq Qara's ghost, veteran GrEE
Zot:3 1 transporter


Innate Abilities, Weirdness & Mutations

You have a pair of horns on your head.
You reflexively headbutt those who attack you in melee.
You are partially covered in iridescent scales. (AC +2)
You are agile. (Dex +4, Str/Int -1)
Your body sometimes deteriorates upon taking damage.
You have an increased reservoir of magic. (+10% MP)
You are strong-willed. (Will+)
You occasionally lose the ability to read scrolls when taking damage.


Message History

You headbutt the reaper, but do no damage.
The reaper is almost dead.
You block the reaper's attack.
SHROANNG!
You can now merge with and destroy a victim.
You slice the reaper!!
You kill the reaper!
You see here a +0 scythe of flaming.
(D) Dungeon (T) Temple (L) Lair (S) Swamp (N) Spider Nest (M) Slime Pits (O) Orcish Mines (E) Elven Halls (V) Vaults (C) Crypt (U) Depths (H) Hell (Z) Zot
Where to? (Enter - D:1, ? - help)
There is a stone staircase leading up here.
You climb upwards.
Level annotation: 2 transporters, Voda's ghost, amateur FeCK
There is a stone staircase leading down here.
There is a stone staircase leading up here.
You climb upwards.
HP restored.
There is a stone staircase leading down here.
There is a stone staircase leading up here.
You climb upwards.
There is a stone staircase leading down here.
You see here 9 stones.
There is a stone staircase leading up here.
You climb upwards.
There is a stone staircase leading down here.
Unknown command.
A hell beast comes into view.
The hell beast shouts!
You block the hell beast's attack.
GONNNNG!
You block the hell beast's attack.
GONNNNG!
There is a staircase leading out of the dungeon here.
You block the hell beast's attack.
PTOANNNG!
You block the hell beast's attack.
BONNNG!
You have escaped!

###
#.....#...#...#..........#.
##..#...#..#..#...#...#.#.#.
#....#..#..#..#..#..........
#.....#..#.#.#..#.......#.##
#..#...#.#.#.#.#...#......#
#...##..#.#.#.#..##..)#.###
#.....##.#...#.##.....#.#
#.......#..2..#.......#.#
#.######...@...######...#
#.......#.....#.......#.#
#.....##.#...#.##.....#.#
#...##..#.#.#.#..##...#.#
#..#...#.#.#.#.#...#....#
#.....#..#.#.#..#...†..##
#....#..#..#..#..#.....#
###..#...#..#..#...#....#
#.......#...#...#.....###


You could see a hell beast.

Vanquished Creatures
  3 dread liches
  6 ancient liches
  6 orbs of fire
  Mara (Vaults:4)
  Vv (Zot:4)
  6 Killer Klowns
  2 curse toes (Zot:4)
  A caustic shrike (Depths:2)
  Margery (Vaults:4)
  Saint Roka (Orc:2)
  8 golden dragons
  Jory (Vaults:4)
  Norris (Vaults:3)
  A pearl dragon (Depths:1)
  3 doom hounds
  3 electric golems
  A Tzitzimitl (Zot:1)
  The ghost of kaychamo the Marksoctopus, an adept OpSh of Gozag (Depths:1)
  15 tentacled monstrosities
  Jorgrun (D:12)
  26 Orb Guardians
  2 liches
  Asterion (Spider:1)
  Grunn (Depths:4)
  5 titans
  5 quicksilver dragons
  A quicksilver dragon (shapeshifter) (Vaults:5)
  An Executioner (Depths:2)
  4 death cobs
  4 acid blobs (Zot:4)
  A sphinx (shapeshifter) (Vaults:5)
  Frances (D:12)
  6 tengu reavers
  A thorn hunter (Swamp:4)
  Kirke (Spider:1)
  5 sphinxes
  11 storm dragons
  11 shadow dragons
  2 fenstrider witches
  Donald (Spider:4)
  9 draconian monks
  17 vault wardens
  8 fire giants
  7 draconian knights
  6 draconian scorchers
  2 iron dragons (Zot:2)
  9 frost giants
  4 emperor scorpions
  3 deep elf sorcerers (Vaults:5)
  2 balrugs
  6 ghost moths
  9 draconian shifters
  An orc warlord (Vaults:3)
  6 draconian annihilators
  2 angels (Depths:4)
  A spriggan defender (Depths:3)
  8 very ugly things
  8 war gargoyles
  16 ironbound preservers
  3 ghouls (Swamp:4)
  8 draconian stormcallers
  2 reapers
  An ophan (Depths:1)
  Nessos (D:12)
  10 stone giants
  2 vampire knights
  A putrid mouth (Depths:4)
  7 ironbound thunderhulks
  3 eleionomae
  17 red draconians
  8 green draconians
  An apis (Depths:1)
  19 yellow draconians
  12 black draconians
  8 purple draconians
  A minotaur (Gauntlet)
  Azrael (Spider:1)
  4 spark wasps
  3 deep elf annihilators (Vaults:5)
  2 deep elf death magi (Vaults:5)
  6 white draconians
  7 dire elephants
  4 bunyips
  5 crystal guardians
  A merfolk javelineer (Depths:2)
  A blizzard demon (Depths:2)
  7 fire dragons
  4 green deaths
  2 entropy weavers
  6 ettins
  An ettin (shapeshifter) (Vaults:5)
  6 great orbs of eyes
  The ghost of NigelTetley the Unseen, a journeyman SpEn of Dithmenos (Lair:5)
  12 yaktaur captains
  7 deep elf high priests (Vaults:5)
  29 vault guards
  A rakshasa (Depths:1)
  2 jorogumos
  Harold (Orc:1)
  3 spriggan air magi
  4 peacekeepers
  8 ice dragons
  A hell beast (Depths:4)
  21 centaur warriors
  18 hydras
  16 boulder beetles
  A catoblepas (Lair:5)
  8 radroaches
  5 ogre magi
  13 ironbound frosthearts
  2 ghost crabs (Swamp:3)
  3 deep troll shamans (Depths:4)
  6 death yaks
  25 two-headed ogres
  5 orc high priests (Orc:2)
  9 alligators
  4 tengu warriors
  8 demonic crawlers
  2 deep troll earth magi
  3 spriggan berserkers (Depths:4)
  A thrashing horror (Swamp:4)
  3 sun demons
  2 soul eaters
  11 hell knights
  2 deep elf knights (Vaults:5)
  A fire crab (shapeshifter) (Vaults:1)
  A skyshark (Lair:4)
  Sonja (Lair:1)
  3 iron trolls
  9 goliath frogs
  8 pharaoh ants
  A sixfirhy (Depths:4)
  31 deep trolls
  A death drake (Swamp:3)
  2 sun moths
  A death drake (shapeshifter) (Vaults:5)
  7 swamp dragons
  3 spriggan druids
  A glowing orange brain (Depths:2)
  7 orb spiders
  8 wizards
  A shadow demon (Depths:2)
  12 ironbound convokers
  4 flayed ghosts
  Pikel (D:7)
  13 lindwurms
  10 bog bodies
  A deep elf archer (D:13)
  A lindwurm (shapeshifter) (D:14)
  2 harpies
  A deep elf pyromancer (D:12)
  An orange crystal statue (IceCv)
  5 necromancers
  7 phantasmal warriors (Vaults:5)
  12 orc knights
  6 steelbarb worms
  11 wolf spiders
  2 orc sorcerers
  4 cyclopes
  4 oklob plants (Zot:4)
  5 will-o-the-wisps
  34 ugly things
  25 moths of wrath
  A salamander (shapeshifter) (D:13)
  A shining eye (Gauntlet)
  6 elephants
  6 manticores
  Maurice (D:10)
  3 rust devils
  A black mamba (Lair:5)
  4 orange demons
  12 vault sentinels
  Joseph (D:7)
  2 gargoyles (D:13)
  5 torpor snails
  An unseen horror (shapeshifter) (D:13)
  25 rime drakes
  6 cane toads
  2 efreet
  6 freezing wraiths
  4 tormentors
  9 komodo dragons
  2 kobold demonologists (D:13)
  7 trolls
  41 yaktaurs
  An ice devil (Depths:2)
  4 tengu conjurers
  A queen bee (Lair:2)
  4 red devils
  A hellwing (Depths:2)
  15 polar bears
  A meliai (shapeshifter) (D:13)
  11 tyrant leeches
  A bloated husk (Swamp:2)
  6 meliai (Spider:4)
  6 hornets
  Prince Ribbit (D:7)
  20 tarantellas
  2 tarantellas (shapeshifter) (D:13)
  2 dream sheep (Lair:5)
  A raiju (Gauntlet)
  39 blink frogs
  49 slime creatures
  A large abomination (Swamp:4)
  21 jumping spiders
  18 culicivoras
  4 shadows
  9 spriggans
  5 wraiths
  4 vampires
  6 basilisks
  2 hogs (shapeshifter)
  A ynoxinul (Depths:2)
  3 water elementals (Depths:2)
  22 fire elementals
  4 wyverns
  52 yaks
  A chaos spawn (Zot:2)
  3 hogs (Spider:1)
  40 redbacks
  15 vampire mosquitoes
  A redback (shapeshifter) (Vaults:5)
  A neqoxec (Depths:2)
  Menkaure (D:7)
  6 steam dragons
  20 swamp worms
  An acid dragon (shapeshifter) (Vaults:5)
  16 water moccasins
  3 wargs (Orc:2)
  3 acid dragons
  3 hell hounds (Spider:1)
  2 floating eyes
  35 orc warriors
  3 black bears
  3 swamp drakes
  An ice beast (D:7)
  A black bear (shapeshifter) (D:13)
  2 sky beasts
  13 ogres
  18 wolves
  7 centaurs
  A lemure (D:7)
  A phantom (D:6)
  2 kobold brigands (D:9)
  Blork the orc (D:5)
  14 bullfrogs
  A small abomination (Swamp:4)
  A necrophage (Swamp:4)
  9 scorpions
  3 wights (D:7)
  26 killer bees (Lair:2)
  5 howler monkeys
  2 centaur zombies (Ossuary)
  A crimson imp (D:10)
  2 human zombies (Ossuary)
  33 jellies
  4 hounds
  36 orc priests
  A gnoll bouda (D:4)
  A sleepcap (D:6)
  23 orc wizards
  An iguana (D:7)
  2 mummies (Ossuary)
  9 adders
  3 gnolls (D:4)
  4 shadow imps (D:6)
  6 white imps
  4 ufetubi
  4 adder zombies (Ossuary)
  6 worms
  3 dart slugs
  94 orcs
  5 endoplasms
  5 giant cockroaches
  6 goblins
  7 hobgoblins
  14 kobolds
  3 quokkas
  4 ball pythons
  2 bats
  4 frilled lizards
  7 hobgoblin zombies (Ossuary)
  8 kobold zombies (Ossuary)
  10 orc zombies (Ossuary)
  4 rat zombies (Ossuary)
  3 spectral weapons (Spider:1)
1972 creatures vanquished.

Vanquished Creatures (collateral kills)
  A purple draconian (Zot:1)
  A fire elemental (Zot:1)
2 creatures vanquished.

Vanquished Creatures (others)
  A fenstrider witch (Swamp:2)
  2 bloated husks
  A redback (Spider:1)
  A swamp worm (Swamp:2)
  An orc priest (Orc:1)
  2 foxfires (Swamp:2)
8 creatures vanquished.

Grand Total: 1982 creatures vanquished

Notes
Turn   | Place    | Note
-------+----------+-------------------------------------------
     0 | D:1      | Anon1729 the Minotaur Monk began the quest for the Orb.
     0 | D:1      | Reached XP level 1. HP: 19/19 MP: 0/0
   178 | D:1      | Reached XP level 2. HP: 27/27 MP: 1/1
   286 | D:1      | Reached skill level 1 in Armour
   551 | D:1      | Found Ocuw's Antique Weapon Shop.
   843 | D:2      | Reached skill level 4 in Fighting
   843 | D:2      | Reached skill level 1 in Invocations
   843 | D:2      | Reached XP level 3. HP: 32/33 MP: 2/2
   953 | D:2      | Found Dedoy's Jewellery Emporium.
  1188 | D:2      | Found a shimmering blue altar of Sif Muna.
  1635 | D:3      | Reached XP level 4. HP: 40/40 MP: 4/4
  1642 | D:3      | Found a radiant altar of Vehumet.
  2459 | D:4      | Found a transporter.
  2496 | D:4      | Noticed a kobold brigand
  2503 | D:4      | Noticed a small abomination
  2580 | D:4      | Found a transporter.
  2585 | D:4      | Found a one-way gate to the infinite horrors of the Abyss.
  2585 | D:4      | Noticed Voda's ghost (amateur FeCK)
  2616 | D:4      | Reached XP level 5. HP: 47/47 MP: 5/5
  2890 | D:4      | Found a basalt altar of Yredelemnul.
  2891 | D:4      | Found a sand-covered staircase.
  2932 | Ossuary  | Entered an ossuary
  3070 | Ossuary  | Reached XP level 6. HP: 53/53 MP: 6/6
  3145 | Ossuary  | Reached skill level 5 in Fighting
  3291 | D:4      | Found a glowing golden altar of the Shining One.
  3293 | D:4      | Noticed an angel
  3299 | D:4      | Noticed a profane servitor
  3445 | D:4      | Reached XP level 7. HP: 61/61 MP: 8/8
  3613 | D:5      | Entered Level 5 of the Dungeon
  3613 | D:5      | Noticed Blork the orc
  3624 | D:5      | Killed Blork the orc
  3625 | D:5      | Reached skill level 5 in Short Blades
  3625 | D:5      | Reached skill level 5 in Dodging
  3716 | D:5      | Noticed a yak
  3716 | D:5      | Noticed a yak
  3716 | D:5      | Noticed a yak
  3717 | D:5      | Noticed a yak
  3732 | D:5      | Killed a yak
  3743 | D:5      | Killed a yak
  3744 | D:5      | Reached skill level 6 in Fighting
  3750 | D:5      | Killed a yak
  3751 | D:5      | Reached XP level 8. HP: 55/70 MP: 9/9
  3760 | D:5      | Reached skill level 5 in Armour
  4248 | D:5      | Noticed a troll
  4267 | D:5      | Killed a troll
  4268 | D:5      | Reached skill level 7 in Fighting
  4603 | D:6      | Reached skill level 5 in Invocations
  4603 | D:6      | Reached XP level 9. HP: 79/79 MP: 11/11
  5648 | D:7      | Noticed Prince Ribbit
  5683 | D:7      | Killed Prince Ribbit
  5723 | D:7      | Reached skill level 8 in Fighting
  5794 | D:7      | Noticed Pikel
  5839 | D:7      | Killed Pikel
  5909 | D:7      | Noticed Joseph
  5915 | D:7      | Paralysed by Joseph for 4 turns
  5923 | D:7      | Killed Joseph
  6121 | D:7      | Reached XP level 10. HP: 90/90 MP: 13/13
  6241 | D:7      | Noticed Menkaure
  6251 | D:7      | Killed Menkaure
  6505 | D:7      | Found a staircase to the Ecumenical Temple.
  6515 | Temple   | Entered the Ecumenical Temple
  6795 | D:8      | Reached skill level 9 in Fighting
  8103 | D:9      | Noticed a two-headed ogre
  8337 | D:8      | Killed a two-headed ogre
  8886 | D:9      | Noticed an elephant
  8887 | D:9      | Found a staircase to the Lair.
  8919 | D:9      | Killed an elephant
  9161 | D:9      | Reached XP level 11. HP: 99/99 MP: 15/15
  9178 | D:9      | Reached skill level 10 in Fighting
  9221 | D:9      | Found a broken altar of Ashenzari.
  9221 | D:9      | Found a shimmering altar of Xom.
  9221 | D:9      | Found a hide-covered altar of Uskayaw.
  9264 | D:10     | Entered Level 10 of the Dungeon
  9298 | D:9      | Became a worshipper of Uskayaw the Reveller
  9298 | D:9      | Reached * piety under Uskayaw
  9336 | D:10     | Reached ** piety under Uskayaw
  9338 | D:10     | Reached *** piety under Uskayaw
  9340 | D:10     | Reached **** piety under Uskayaw
  9486 | D:10     | Found a white marble altar of Elyvilon.
  9745 | D:10     | Noticed a white ugly thing
  9746 | D:10     | Noticed zorkdork's ghost (journeyman GrFi)
  9749 | D:10     | Noticed a four-headed hydra
  9759 | D:10     | Found a runed translucent gate.
  9759 | D:10     | Found a runed translucent gate.
  9760 | D:10     | Found a runed translucent gate.
  9790 | D:10     | Found a staircase to the Orcish Mines.
  9823 | D:10     | Noticed Maurice
  9834 | D:10     | Killed Maurice
 10194 | D:11     | Reached ***** piety under Uskayaw
 10497 | D:11     | Found a gate leading to a gauntlet.
 10525 | Gauntlet | Entered a Gauntlet
 10525 | Gauntlet | Noticed a shining eye
 10525 | Gauntlet | Noticed a wizard
 10525 | Gauntlet | Found a transporter.
 10525 | Gauntlet | Found a transporter.
 10567 | Gauntlet | Found a runed translucent door.
 10578 | Gauntlet | Found a transporter.
 10582 | Gauntlet | Found a transporter.
 10586 | Gauntlet | Found a runed translucent door.
 10586 | Gauntlet | Found a runed translucent door.
 10590 | Gauntlet | Found a transporter.
 10594 | Gauntlet | Found a transporter.
 10598 | Gauntlet | Noticed a wretched star
 10602 | Gauntlet | Found a transporter.
 10615 | Gauntlet | Noticed a green death
 10618 | Gauntlet | Found a transporter.
 10632 | Gauntlet | Found a transporter.
 10636 | Gauntlet | Found a transporter.
 10647 | Gauntlet | Found a transporter.
 10648 | Gauntlet | Found a transporter.
 10885 | Gauntlet | Gained mutation: You do not regenerate when monsters are
                  | visible. [a shining eye]
 10893 | Gauntlet | Killed a shining eye
 10996 | Gauntlet | Killed a green death
 10997 | Gauntlet | Reached skill level 10 in Armour
 11176 | Gauntlet | Lost mutation: You do not regenerate when monsters are
                  | visible. [potion of mutation]
 11176 | Gauntlet | Gained mutation: You are partially covered in iridescent
                  | scales. (AC +2) [potion of mutation]
 11176 | Gauntlet | Gained mutation: You are mostly covered in iridescent
                  | scales. (AC +4) [potion of mutation]
 11203 | Gauntlet | Identified the +1 broad axe of the Cursing King {heavy,
                  | Dex+3}
 11203 | Gauntlet | Identified the +8 ring mail "Hodd" {rC++ MP+9 Dex-2 SInv}
 11203 | Gauntlet | Identified the ring "Biwiez" {rPois rF+ Int+3 Slay+2}
 11203 | Gauntlet | Noticed a minotaur
 11218 | Gauntlet | Killed a minotaur
 11219 | Gauntlet | Reached skill level 10 in Short Blades
 11219 | Gauntlet | Reached skill level 10 in Dodging
 11225 | Gauntlet | Got the Essays on Dislocation and Necromancy
 11474 | D:11     | Noticed a two-headed ogre
 11488 | D:11     | Killed a two-headed ogre
 11489 | D:11     | Reached skill level 11 in Fighting
 12298 | D:11     | Noticed a two-headed ogre
 12309 | D:11     | Killed a two-headed ogre
 12343 | D:11     | Noticed a two-headed ogre
 12352 | D:11     | Killed a two-headed ogre
 12353 | D:11     | Reached XP level 12. HP: 93/110 MP: 17/17
 12416 | D:11     | Noticed a boulder beetle
 12459 | D:11     | Killed a boulder beetle
 12861 | D:2      | Bought the amulet "Nuidom" {Faith Harm Rampage Drain +Inv
                  | rN+} for 526 gold pieces
 13172 | D:12     | Found a snail-covered altar of Cheibriados.
 13367 | D:12     | Noticed Jorgrun
 13376 | D:12     | Killed Jorgrun
 13471 | D:12     | Noticed a seven-headed hydra
 13476 | D:12     | Killed a seven-headed hydra
 13565 | D:12     | Noticed Nessos
 13589 | D:12     | Killed Nessos
 13810 | D:12     | Noticed a boulder beetle
 13823 | D:12     | Killed a boulder beetle
 13993 | D:12     | Noticed a two-headed ogre
 13999 | D:12     | Killed a two-headed ogre
 14000 | D:12     | Reached skill level 12 in Fighting
 14018 | D:12     | Noticed Frances
 14032 | D:12     | Killed Frances
 14491 | Lair:1   | Entered Level 1 of the Lair of Beasts
 14524 | Lair:1   | Reached ****** piety under Uskayaw
 14536 | Lair:1   | Noticed Sonja
 14551 | Lair:1   | Killed Sonja
 14562 | Lair:1   | Reached skill level 10 in Invocations
 14578 | Lair:1   | Reached XP level 13. HP: 89/119 MP: 19/19
 15645 | Lair:2   | Reached skill level 13 in Fighting
 15747 | Lair:2   | Found a staircase to the Swamp.
 15855 | Lair:2   | Found a hole to the Spider Nest.
 17475 | Lair:4   | Reached XP level 14. HP: 102/130 MP: 21/21
 17900 | Lair:5   | Entered Level 5 of the Lair of Beasts
 18153 | Lair:5   | Reached skill level 14 in Fighting
 18351 | Lair:5   | Found a staircase to the Slime Pits.
 18353 | Lair:5   | Found a runed translucent door.
 18353 | Lair:5   | Noticed NigelTetley's ghost (journeyman SpEn)
 18383 | Lair:5   | Found a viscous altar of Jiyva.
 19365 | Lair:5   | Got Sif Muna's Almanac of Maleficia
 19504 | Lair:5   | Killed NigelTetley's ghost
 19660 | Orc:1    | Entered Level 1 of the Orcish Mines
 19864 | Orc:1    | Paralysed by an orc sorcerer for 5 turns
 19924 | Orc:1    | Noticed Harold
 19947 | Orc:1    | Killed Harold
 20201 | Orc:1    | Found Nouk's Antique Armour Emporium.
 20375 | Orc:2    | Entered Level 2 of the Orcish Mines
 20463 | Orc:2    | Found a staircase to the Elven Halls.
 21097 | Orc:2    | Noticed Saint Roka
 21114 | Orc:2    | Killed Saint Roka
 21115 | Orc:2    | Reached skill level 15 in Fighting
 21115 | Orc:2    | Reached XP level 15. HP: 69/141 MP: 23/23
 21729 | Orc:2    | Found Xaepock's Jewellery Shop.
 21729 | Orc:2    | Found Effac's Assorted Antiques.
 21730 | Orc:2    | Found Veawysol's Assorted Antiques.
 21730 | Orc:2    | Found Detsa's General Store.
 21738 | Orc:2    | Bought a runed scarf for 208 gold pieces
 21740 | Orc:2    | Bought a scroll of identify for 24 gold pieces
 21741 | Orc:2    | Bought a runed rapier for 266 gold pieces
 21741 | Orc:2    | Bought a glowing buckler for 285 gold pieces
 21906 | Spider:1 | Entered Level 1 of the Spider Nest
 21910 | Spider:1 | Noticed Kirke
 21926 | Spider:1 | Killed Kirke
 22049 | Spider:1 | Noticed Asterion
 22069 | Spider:1 | Killed Asterion
 22398 | Spider:1 | Noticed an emperor scorpion
 22423 | Spider:1 | Killed an emperor scorpion
 22620 | Spider:1 | Reached skill level 15 in Armour
 22995 | Spider:1 | Noticed Azrael
 23005 | Spider:1 | Killed Azrael
 23721 | Spider:2 | Reached skill level 16 in Fighting
 24127 | Spider:3 | Noticed an emperor scorpion
 24154 | Spider:3 | Killed an emperor scorpion
 24415 | Spider:3 | Reached XP level 16. HP: 143/151 MP: 24/24
 25240 | Spider:3 | Reached skill level 15 in Short Blades
 25240 | Spider:3 | Reached skill level 15 in Dodging
 25933 | Spider:4 | Entered Level 4 of the Spider Nest
 26092 | Spider:4 | Identified the +0 pair of boots of Ethics {Int+2}
 26714 | Spider:4 | Noticed Donald
 26729 | Spider:4 | Killed Donald
 27217 | Spider:4 | Found the +3 pair of seven-league boots {Rampage+∞}
 27228 | Spider:4 | Got a gossamer rune of Zot
 27367 | Spider:4 | Found the sphere of Battle
 27795 | Swamp:1  | Entered Level 1 of the Swamp
 27803 | Swamp:1  | Reached skill level 17 in Fighting
 28455 | Swamp:1  | Identified the +5 dagger of Entaxu {heavy, Will+ Str+3
                  | Int+3 Dex+2}
 28787 | Swamp:2  | Reached XP level 17. HP: 56/161 MP: 26/26
 29016 | Swamp:2  | Identified a scroll of acquirement
 29017 | Swamp:2  | Acquired the +2 pair of slick slippers {slick, slippery,
                  | EV+4}
 29017 | Swamp:2  | Found the +2 pair of slick slippers {slick, slippery, EV+4}
 29391 | Swamp:2  | Reached skill level 1 in Shields
 29601 | Swamp:2  | Paralysed by a fenstrider witch for 4 turns
 29616 | Swamp:2  | Reached skill level 1 in Evocations
 30251 | Swamp:3  | Identified the +0 robe of Indecent Exposure {rC++}
 30512 | Swamp:3  | Found an ancient bone altar of Kikubaaqudgha.
 31040 | Swamp:4  | Entered Level 4 of the Swamp
 31374 | Swamp:4  | Reached skill level 5 in Shields
 32047 | Swamp:4  | Noticed a tentacled monstrosity
 32052 | Swamp:4  | Killed a tentacled monstrosity
 32140 | Swamp:4  | Got a decaying rune of Zot
 32930 | D:13     | Reached XP level 18. HP: 171/171 MP: 28/28
 33187 | D:13     | Reached skill level 18 in Fighting
 33384 | D:13     | Identified the +1 ring mail of the Earth {rPois rC- Int+2}
 33812 | D:13     | Found Laciruja's Assorted Antiques.
 33822 | D:13     | Bought a scroll of teleportation for 81 gold pieces
 33884 | D:13     | Found a gate to the Vaults.
 34551 | Orc:2    | Bought a potion of mutation for 96 gold pieces
 35022 | D:14     | Reached skill level 15 in Invocations
 35054 | D:14     | Found a frozen archway.
 35163 | IceCv    | Entered an ice cave
 35390 | IceCv    | Identified the +1 pair of boots of the Bells {rElec Dex+2}
 36326 | D:14     | Found Zoabir's Weapon Boutique.
 37099 | D:15     | Entered Level 15 of the Dungeon
 37151 | D:15     | Found a staircase to the Depths.
 37173 | D:15     | Reached skill level 5 in Evocations
 37218 | D:15     | Paralysed by an ogre mage for 5 turns
 37386 | D:15     | Found Tuneeg Hosy's Weapon Shoppe.
 37419 | D:15     | Found Ociycux's Jewellery Emporium.
 37507 | D:15     | Reached skill level 10 in Shields
 37825 | D:15     | Found Kyv Pawu's Weapon Shop.
 37832 | D:15     | Bought the +8 demon blade "Leech" {evervamp, Harm Drain
                  | rN+} for 1268 gold pieces
 37832 | D:15     | Found the +8 demon blade "Leech" {evervamp, Harm Drain rN+}
 37920 | D:15     | Found Xafuz's Magic Scroll Shoppe.
 37923 | D:15     | Bought a scroll of fog for 56 gold pieces
 37923 | D:15     | Bought a scroll of butterflies for 56 gold pieces
 37923 | D:15     | Bought 2 scrolls of enchant armour for 210 gold pieces
 37923 | D:15     | Bought a scroll of identify for 28 gold pieces
 37983 | D:15     | Found Bocodo's General Store.
 38350 | Vaults:1 | Entered Level 1 of the Vaults
 38446 | Vaults:1 | Reached skill level 1 in Long Blades
 38446 | Vaults:1 | Reached XP level 19. HP: 158/180 MP: 29/29
 38510 | Vaults:1 | Found the +18 shield of the Gong {Loud rN+ Will+ rCorr
                  | EV-5}
 38949 | Vaults:1 | Found a runed translucent gate.
 38949 | Vaults:1 | Found a runed translucent gate.
 38949 | Vaults:1 | Found a runed translucent gate.
 38949 | Vaults:1 | Noticed Ciq Qara's ghost (veteran GrEE)
 39597 | Vaults:1 | Found Lizes's Assorted Antiques.
 39606 | Vaults:1 | Bought a scroll of blinking for 210 gold pieces
 40417 | Vaults:2 | Found a portal to a secret trove of treasure.
 40510 | Vaults:2 | You paid a toll of 5 scrolls of fog to enter a treasure
                  | trove
 40511 | Trove    | Entered a treasure trove
 40517 | Trove    | Identified the +1 gold dragon scales "Elinn" {Harm rPois
                  | rF+ rC+ Int+2}
 40521 | Trove    | Identified the +3 scale mail "Jael" {Will+}
 40696 | Vaults:3 | Reached skill level 19 in Fighting
 40785 | Vaults:3 | Found Gaanisoy's Antique Armour Emporium.
 40954 | Vaults:3 | Noticed Norris
 40970 | Vaults:3 | Killed Norris
 41548 | Vaults:3 | Reached skill level 5 in Long Blades
 41577 | Vaults:3 | Found a staircase to the Crypt.
 41986 | Vaults:4 | Reached XP level 20. HP: 53/191 MP: 21/30
 42333 | Vaults:4 | Noticed Jory
 42346 | Vaults:4 | Killed Jory
 43163 | Vaults:4 | Noticed Margery
 43181 | Vaults:4 | Killed Margery
 43219 | Vaults:4 | Noticed Mara
 43228 | Vaults:4 | Noticed Anon1729's illusion
 43228 | Vaults:4 | Killed Mara
 43494 | Vaults:5 | Entered Level 5 of the Vaults
 43555 | Vaults:5 | Found Voyvvar's Weapon Shoppe.
 43556 | Vaults:5 | Noticed an ancient lich
 43567 | Vaults:5 | Killed an ancient lich
 43626 | Vaults:5 | Got a silver rune of Zot
 43697 | Vaults:5 | Reached XP level 21. HP: 192/200 MP: 32/32
 43708 | Vaults:5 | Noticed a dread lich
 43708 | Vaults:5 | Noticed an ancient lich
 43719 | Vaults:5 | Killed a dread lich
 43724 | Vaults:5 | Reached skill level 20 in Fighting
 43744 | Vaults:5 | Reached skill level 15 in Shields
 43924 | Vaults:5 | Noticed a golden dragon
 43950 | Vaults:5 | Killed a golden dragon
 43955 | Vaults:5 | Killed an ancient lich
 44057 | Vaults:5 | Noticed an ancient lich
 44068 | Vaults:5 | Killed an ancient lich
 44152 | Vaults:5 | Found Ciekupem's Distillery.
 44175 | Vaults:5 | Found Siliett's Distillery.
 44308 | Vaults:5 | Found Qinais's Jewellery Shop.
 44635 | Vaults:5 | Found Wuameis's Distillery.
 44729 | Vaults:5 | Bought a potion of curing for 48 gold pieces
 44729 | Vaults:5 | Bought a potion of enlightenment for 80 gold pieces
 44729 | Vaults:5 | Bought a potion of curing for 48 gold pieces
 44729 | Vaults:5 | Bought a potion of resistance for 160 gold pieces
 44729 | Vaults:5 | Bought a potion of curing for 48 gold pieces
 44729 | Vaults:5 | Bought a potion of haste for 160 gold pieces
 44729 | Vaults:5 | Bought a potion of heal wounds for 80 gold pieces
 44729 | Vaults:5 | Bought 2 potions of attraction for 96 gold pieces
 44729 | Vaults:5 | Bought a potion of lignification for 48 gold pieces
 44747 | Vaults:5 | Bought a potion of enlightenment for 85 gold pieces
 44747 | Vaults:5 | Bought a potion of ambrosia for 136 gold pieces
 44747 | Vaults:5 | Bought a potion of attraction for 51 gold pieces
 44747 | Vaults:5 | Bought a potion of lignification for 51 gold pieces
 44747 | Vaults:5 | Bought a potion of curing for 51 gold pieces
 44747 | Vaults:5 | Bought a potion of curing for 51 gold pieces
 44747 | Vaults:5 | Bought a potion of might for 68 gold pieces
 44747 | Vaults:5 | Bought 2 potions of ambrosia for 272 gold pieces
 44747 | Vaults:5 | Bought a potion of brilliance for 68 gold pieces
 45279 | Depths:1 | Entered Level 1 of the Depths
 45423 | Depths:1 | Found a white marble altar of Elyvilon.
 45423 | Depths:1 | Found a glowing golden altar of the Shining One.
 45423 | Depths:1 | Found a glowing silver altar of Zin.
 45573 | Depths:1 | Found a runed translucent door.
 45588 | Depths:1 | Noticed kaychamo's ghost (adept OpSh)
 46318 | Depths:1 | Found a gateway to Hell.
 46496 | Depths:1 | Killed kaychamo's ghost
 46497 | Depths:1 | Reached XP level 22. HP: 202/211 MP: 33/33
 46535 | Depths:1 | Identified the ring "Vaoj" {Will- Int+6 Dex+7 Stlth+}
 46591 | Depths:2 | Paralysed by a floating eye for 3 turns
 46960 | Depths:2 | Noticed a golden dragon
 46961 | Depths:2 | Noticed a caustic shrike
 46968 | Depths:2 | Killed a caustic shrike
 46970 | Depths:2 | Killed a golden dragon
 47096 | Depths:2 | Found a one-way gate leading to the halls of Pandemonium.
 47296 | Depths:2 | Found a bloodstained altar of Trog.
 47645 | Depths:3 | Identified the +6 hand axe of Honour {flame, Will+}
 47719 | Depths:4 | Entered Level 4 of the Depths
 47719 | Depths:4 | Found a one-way gateway to a ziggurat.
 47732 | Depths:4 | Noticed a golden dragon
 47749 | Depths:4 | Killed a golden dragon
 47852 | Depths:4 | Noticed a golden dragon
 47859 | Depths:4 | Killed a golden dragon
 47860 | Depths:4 | Reached skill level 10 in Long Blades
 47891 | Depths:4 | Noticed Grunn
 47912 | Depths:4 | Killed Grunn
 48319 | Depths:4 | Found a gate to the Realm of Zot.
 48988 | Zot:1    | Entered Level 1 of the Realm of Zot
 49083 | Zot:1    | Noticed a golden dragon
 49091 | Zot:1    | Killed a golden dragon
 49159 | Zot:1    | Reached skill level 21 in Fighting
 49193 | Zot:1    | HP: 7/213 [purple draconian shifter/bolt of dispelling
                  | energy[a black draconian knight] (28)]
 49226 | Zot:1    | Reached XP level 23. HP: 191/220 MP: 31/34
 49596 | Zot:1    | Noticed an orb of fire
 49597 | Zot:1    | Gained mutation: You sometimes lose your temper in combat.
                  | [an orb of fire]
 49601 | Zot:1    | Gained mutation: You occasionally shout uncontrollably at
                  | your foes. [an orb of fire]
 49605 | Zot:1    | Killed an orb of fire
 50001 | Zot:2    | Noticed a Killer Klown
 50040 | Zot:2    | Noticed a Killer Klown
 50051 | Zot:2    | Killed a Killer Klown
 50072 | Zot:2    | Reached skill level 10 in Evocations
 50093 | Zot:2    | Killed a Killer Klown
 50764 | Vaults:5 | Bought the ring "Voythram" {MP+9 SInv} for 468 gold pieces
 51379 | Zot:2    | Lost mutation: You occasionally shout uncontrollably at
                  | your foes. [potion of mutation]
 51379 | Zot:2    | Lost mutation: You are mostly covered in iridescent scales.
                  | (AC +4) [potion of mutation]
 51379 | Zot:2    | Lost mutation: You are partially covered in iridescent
                  | scales. (AC +2) [potion of mutation]
 51379 | Zot:2    | Gained mutation: You are strong-willed. (Will+) [potion of
                  | mutation]
 51379 | Zot:2    | Gained mutation: You are resistant to electric shocks.
                  | (rElec) [potion of mutation]
 51379 | Zot:2    | Gained mutation: You are partially covered in iridescent
                  | scales. (AC +2) [potion of mutation]
 51379 | Zot:2    | Gained mutation: Your mind is acute. (Int +4, Str/Dex -1)
                  | [potion of mutation]
 51380 | Zot:2    | Lost mutation: You sometimes lose your temper in combat.
                  | [potion of mutation]
 51380 | Zot:2    | Lost mutation: You are resistant to electric shocks.
                  | (rElec) [potion of mutation]
 51380 | Zot:2    | Gained mutation: You have an increased reservoir of magic.
                  | (+10% MP) [potion of mutation]
 51380 | Zot:2    | Gained mutation: You are agile. (Dex +4, Str/Int -1)
                  | [potion of mutation]
 51492 | Zot:3    | Noticed an orb of fire
 51507 | Zot:3    | Gained mutation: Your body sometimes deteriorates upon
                  | taking damage. [an orb of fire]
 51509 | Zot:3    | Killed an orb of fire
 51840 | Zot:3    | Noticed a Killer Klown
 51841 | Zot:3    | Noticed a dread lich
 51868 | Zot:3    | Killed a Killer Klown
 52054 | Zot:4    | Noticed Vv
 52483 | Zot:3    | Identified the ring "Ybusugy" {rN+ Will+}
 52492 | Zot:3    | Noticed an orb of fire
 52658 | Zot:3    | Found a transporter.
 52662 | Zot:3    | Found a radiant altar of Vehumet.
 52687 | Zot:3    | Noticed a dread lich
 52713 | Zot:3    | Noticed an orb of fire
 52852 | Zot:4    | Killed Vv
 52852 | Zot:4    | Noticed a curse toe
 53137 | Zot:4    | Killed a curse toe
 53276 | Zot:4    | Noticed a curse toe
 53279 | Zot:4    | Reached XP level 24. HP: 231/231 MP: 38/38
 53537 | Zot:5    | Entered Level 5 of the Realm of Zot
 53913 | Zot:5    | Noticed an orb of fire
 53917 | Zot:5    | Noticed an orb of fire
 53923 | Zot:5    | Noticed an ancient lich
 53924 | Zot:5    | Gained mutation: You occasionally lose the ability to read
                  | scrolls when taking damage. [an orb of fire]
 53926 | Zot:5    | Noticed an orb of fire
 53930 | Zot:5    | Noticed an ancient lich
 53937 | Zot:5    | Noticed an ancient lich
 53940 | Zot:5    | Killed an orb of fire
 53942 | Zot:5    | Noticed a dread lich
 53945 | Zot:5    | Noticed an orb of fire
 53945 | Zot:5    | Noticed a Killer Klown
 53948 | Zot:5    | Noticed a Killer Klown
 53951 | Zot:5    | Killed an orb of fire
 53955 | Zot:5    | Noticed a Killer Klown
 53956 | Zot:5    | Noticed a dread lich
 53960 | Zot:5    | Killed an orb of fire
 53970 | Zot:5    | Killed an ancient lich
 53971 | Zot:5    | Killed an orb of fire
 53981 | Zot:5    | Killed an ancient lich
 53984 | Zot:5    | Reached skill level 22 in Fighting
 53984 | Zot:5    | Killed an ancient lich
 53984 | Zot:5    | Killed a dread lich
 53985 | Zot:5    | Killed a dread lich
 53991 | Zot:5    | Killed a Killer Klown
 53999 | Zot:5    | Killed a Killer Klown
 54048 | Zot:5    | Killed a Killer Klown
 54418 | Zot:5    | Got the Orb of Zot
 54537 | Zot:2    | Reached XP level 25. HP: 238/238 MP: 38/38
 54634 | Zot:1    | Lost mutation: Your mind is acute. (Int +4, Str/Dex -1) [a
                  | cacodemon]
 55115 | D:$      | Escaped with the Orb!

Illustrated notes

Levels and vault maps discovered:
D:1:      minmay_arrival_radiant_lines, layout_loops_ring, serial_shops, shop,
          minmay_tripent
D:2:      layout_loops_ring, serial_shops, nicolae_shop_trees, basic_altar
D:3:      layout_loops_cross, mainiacjoe_overflow_paths, chequers_avenue,
          minivault_5, minivault_11
D:4:      layout_basic, grunt_temple_overflow_holy_war,
          gammafunk_ghost_abyssal_escape, nicolae_ossuary_entry_monument,
          mrwooster_statue_mirror
D:5:      layout_loops_cross, uniq_blork_the_orc
D:6:      layout_loops_ring, serial_demonic, serial_demonic_f, serial_demonic_d,
          serial_demonic_e, serial_demonic_c
D:7:      wander_river, layout_rooms, minmay_temple_entry_poolview, uniq_joseph,
          uniq_menkaure, uniq_pikel, uniq_prince_ribbit1
D:8:      layout_loops_ring
D:9:      layout_loops_cross, gammafunk_temple_overflow_forgotten,
          david_lair_generic
D:10:     layout_basic, elyvilon_altar_5, david_orc_2, gammafunk_ghost_split,
          minmay_fire_ice_demons, uniq_maurice
D:11:     layout_basic, gauntlet_entry_generic
D:12:     layout_loops_ring, cheibriados_altar_1, uniq_frances, uniq_jorgrun,
          uniq_nessos
D:13:     layout_basic, david_vaults_4, serial_shops, shop,
          minmay_misc_feat_rows, nicolae_rejected_hall
D:14:     layout_roguey, nicolae_benzene_ring, serial_shops,
          nicolae_shop_tiny_glass, portal_ice_cave_entry_frozen_things
D:15:     grunt_enter_depths_giant_problem, layout_grid_maze,
          serial_bayou_pond_d, serial_shops, shop, shop, shop,
          nicolae_shop_rolled_up, nicolae_shop_gaudy_bauble
Temple:   minmay_freezing_vapour_temple
Lair:1:   layout_cave_pods, uniq_sonja
Lair:2:   layout_cave_shapes, minmay_swamp_entry_worms,
          nicolae_spider_entry_non_spiders, special_room [special_room_bee],
          beast_lair_carwin_1, grunt_megastairs_3
Lair:3:   layout_regular_city
Lair:4:   layout_loops_ring, grunt_megastairs_5
Lair:5:   hangedman_lair_in_review, layout_regular_city,
          guppyfry_lair_end_dragon, nicolae_slime_entry_field_trip,
          gammafunk_ghost_grave
Swamp:1:  layout_basic_swamp, evilmike_swamp_ruin_rubble_1
Swamp:2:  layout_falls_marsh, evilmike_swamp_ruin_house_1, swamp_pool1
Swamp:3:  layout_falls_marsh, nicolae_swamp_godswood, swamp_pool1,
          water_boxes_lemuel
Swamp:4:  swamp_vile, layout_basic_swamp, swamp_pool2,
          nicolae_swamp_fairy_circle
Spider:1: layout_spider_delve, uniq_kirke, uniq_azrael, uniq_asterion
Spider:2: layout_spider_delve
Spider:3: layout_chambers, nicolae_spider_checkerboard
Spider:4: hellmonk_spider_rune_bug_friends, uniq_donald
Orc:1:    layout_caves, serial_shops, nicolae_shop_stone, uniq_harold
Orc:2:    st_orc_pillars, layout_diamond_mine, uniq_saint_roka
Vaults:1: ebering_ghost_rock_garden, ontoclasm_vaults_twist,
          nicolae_vaults_doubleplus_tesselated,
          nicolae_vaults_trapezoid_lopsided_4, v_rooms_2,
          nicolae_vaults_rhombus_5, ontoclasm_vaults_eye,
          nicolae_vaults_network_quinsquares
          [nicolae_vaults_network_quincunx_subvault,
          nicolae_vaults_network_quincunx_subvault,
          nicolae_vaults_network_quincunx_subvault,
          nicolae_vaults_network_quincunx_subvault],
          nicolae_vaults_variable_pillar_hall, nicolae_vaults_wine_cellar,
          hellmonk_guarded_unrand_gong, nicolae_vaults_twisting_passages,
          nicolae_vaults_little_squares_4, grunt_vaults_diagonal,
          nicolae_vaults_layer_cake_slice, layout_vaults_omnibox, serial_shops,
          nicolae_lakefront_shop
Vaults:2: nicolae_vaults_circle_grid_b, vaults_room_fours,
          nicolae_vaults_disjoint_gnomons, nicolae_vaults_cornered_office,
          vaults_mumra_lcd, hangedman_vaults_slither,
          nicolae_vaults_trapezoid_1, nicolae_vaults_more_shelving_1,
          nicolae_vaults_cochlea, nicolae_vaults_little_squares_2,
          layout_vaults_ring, nicolae_trove_entry_free_sample
Vaults:3: hangedman_vaults_trim, nicolae_vaults_bisected_inception,
          vaults_room_ringed_pool, minmay_crypt_entry_vampire_xt,
          vaults_dpeg_hooks, nicolae_vaults_turnstiles,
          ontoclasm_vaults_gateway, hangedman_vaults_river_flow,
          vaults_dpeg_cross, nicolae_vaults_little_ls,
          nicolae_vaults_specimen_jars, layout_vaults_chaotic_city,
          serial_shops, shop, uniq_norris
Vaults:4: nicolae_vaults_mush_room, vaults_room_grid, v_misc_13, v_misc_18,
          nicolae_vaults_heart-shaped_vault, vaults_standard_mumra_x,
          ontoclasm_vaults_loading_screen, nicolae_vaults_prndl, v_misc_1,
          layout_vaults_omnigrid, uniq_jory, uniq_margery, uniq_mara
Vaults:5
Depths:1: layout_honeycomb, ebering_ghost_reflecting_pool, hangedman_geh_valley,
          amcnicky_mini_corridor_feature, hallowed_hall, serial_bayou_shore_b
Depths:2: minmay_outward_triangles, layout_basic, grunt_pan_entry_sceptre,
          hell_entry, fountainhead, tgw_trog, serial_bayou_shore_a,
          infiniplex_staircase_pool_1
Depths:3: minmay_inside_and_out, layout_gridlike,
          pdpol_wu_jian_five_deadly_venoms, hangedman_tar_grid_catacomb,
          minmay_room_of_horrors, nicolae_hexahallways,
          nicolae_dithmenos_through_a_glass_darkly, serial_bayou_shore_b,
          infiniplex_staircase_river
Depths:4: grunt_zot_entry_funnels, layout_cave_shapes, enter_ziggurat_c,
          rand_demon_pan_entry_7, patterned_corridor, hell_entry, drop_trap,
          uniq_grunn
Zot:1:    lemuel_firehouse, layout_concentric_octagons
Zot:2:    layout_twisted_circle, st_stairs_5, hangedman_player_shredder
Zot:3:    gammafunk_sealed_library, layout_basic
Zot:4:    lemuel_acid_trip, layout_cathedral_of_symmetry,
          amethyst_zot_foddershock, uniq_vv
Zot:5:    layout_cathedral_of_symmetry

Skill      XL: |  1  2  3  4  5  6  7  8  9 10 11 12 13 14 15 16 17 18 19 20 21 22 23 24 |
---------------+-------------------------------------------------------------------------+-----
Armour         | 1 2 3 4 6 7 9 10 11 13 14 15 16 17 18 19 20 21 | 21.6
Fighting       | 4 5 6 7 8 9 11 12 13 15 16 17 18 19 20 21 22 | 22.3
Invocations    | 1 2 3 5 6 7 8 10 11 12 13 14 15 16 17 18 | 18.5
Dodging        | 4 5 6 7 9 10 11 12 13 14 15 16 17 18 19 20 | 20.2
Short Blades   | 4 5 6 7 9 10 11 12 13 14 15 16 17 18 19 20 | 20.3
Shields        | 7 10 12 14 16 17 18 20 | 20.4
Evocations     | 3 5 6 7 8 9 10 11 | 11.5
Long Blades    | 1 5 7 9 10 11 13 | 13.3

Action                     |  1- 3 |  4- 6 |  7- 9 | 10-12 | 13-15 | 16-18 | 19-21 | 22-24 | 25-27 || total
---------------------------+-------+-------+-------+-------+-------+-------+-------+-------+-------++-------
  Melee: Short sword       |    86 |   243 |   270 |       |       |       |       |       |       ||   599
         Headbutt          |    24 |    53 |   110 |   275 |   441 |   713 |   369 |   480 |    16 ||  2481
         Dagger            |       |     4 |    82 |   741 |   962 |       |       |       |       ||  1789
         Rapier            |       |       |       |       |   462 |  2065 |       |       |       ||  2527
         Unarmed           |       |       |       |       |     4 |       |       |    47 |       ||    51
         Demon blade       |       |       |       |       |       |    31 |  1149 |  1361 |    49 ||  2590
 Invoke: Line Pass         |       |       |       |     2 |       |     5 |     6 |     5 |       ||    18
         Grand Finale      |       |       |       |       |     5 |     2 |     5 |     9 |       ||    21
         Stomp             |       |       |       |       |     1 |     3 |       |     5 |       ||     9
  Evoke: Wand              |       |       |       |     6 |       |     4 |     1 |     7 |     2 ||    20
         Condenser vane    |       |       |       |       |       |       |     1 |     2 |       ||     3
    Use: Potion            |       |     1 |     2 |     4 |       |     4 |     5 |    15 |       ||    31
         Scroll            |       |       |     5 |     4 |    10 |    12 |     2 |     7 |       ||    40
   Stab: Paralysed         |       |       |       |    36 |   142 |   162 |   175 |   177 |     2 ||   694
         Held in net/web   |       |       |       |     3 |       |       |     1 |       |       ||     4
         Confused          |       |       |       |     2 |       |     1 |     2 |     4 |       ||     9
         Petrified         |       |       |       |       |     1 |       |       |       |       ||     1
         Sleeping          |       |       |       |       |       |     9 |     3 |       |       ||    12
         Distracted        |       |       |       |       |       |    11 |       |     1 |       ||    12
         Invisible         |       |       |       |       |       |     1 |       |     3 |       ||     4
 Armour: Robe              |     2 |       |       |       |       |       |       |       |       ||     2
         Swamp dragon scal |    13 |    47 |    65 |    68 |       |       |       |       |       ||   193
         Ring mail         |       |       |       |    44 |   249 |   295 |    35 |       |       ||   623
         Gold dragon scale |       |       |       |       |       |       |   203 |   322 |    16 ||   541
         Skin              |       |       |       |       |       |       |       |    10 |       ||    10
  Dodge: Dodged            |    39 |   142 |   192 |   394 |   777 |   881 |   174 |   198 |     8 ||  2805
         Repelled          |       |       |       |       |       |     5 |     9 |    21 |     1 ||    36
  Block: Buckler           |       |       |       |       |    49 |   386 |    41 |       |       ||   476
         Kite shield       |       |       |       |       |       |       |   879 |  1175 |    83 ||  2137

Table legend: (Time is in decaauts)
 A = Elapsed time spent in this place.
 B = Non-inter-level travel time spent in this place.
 C = Inter-level travel time spent in this place.
 D = Time resting spent in this place.
 E = Time spent auto-exploring this place.
 F = Levels seen in this place.
 G = Mean time per level.
                   A        B        C        D        E       F      G
               +--------+--------+--------+--------+--------+-----+--------+
         Total |  52029 |  47188 |   4841 |   3619 |  34329 |  49 | 1061.8 |
       Dungeon |  17315 |  15002 |   2313 |    978 |  11709 |  15 | 1154.3 |
        Temple |      1 |      1 |      0 |      0 |      0 |   1 |    1.0 |
          Lair |   5258 |   4689 |    569 |     22 |   3931 |   5 | 1051.6 |
         Swamp |   4576 |   4222 |    354 |    249 |   3261 |   4 | 1144.0 |
   Spider Nest |   5272 |   5155 |    117 |    625 |   3655 |   4 | 1318.0 |
  Orcish Mines |   2168 |   1922 |    246 |    203 |   1375 |   2 | 1084.0 |
        Vaults |   6715 |   6214 |    501 |     56 |   4748 |   5 | 1343.0 |
        Depths |   3847 |   3588 |    259 |    456 |   2509 |   4 |  961.8 |
           Zot |   4757 |   4279 |    478 |    837 |   2072 |   5 |  951.4 |
         Trove |     73 |     73 |      0 |      0 |      2 |   1 |   73.0 |
       Ossuary |    277 |    277 |      0 |      0 |    138 |   1 |  277.0 |
      Ice Cave |    928 |    928 |      0 |     19 |    656 |   1 |  928.0 |
      Gauntlet |    836 |    836 |      0 |    173 |    272 |   1 |  836.0 |
               +--------+--------+--------+--------+--------+-----+--------+

Top non-repeatable levels by time:
Spider:3: 1932 daAuts
    D:11: 1800 daAuts
     D:8: 1676 daAuts
   Zot:3: 1607 daAuts
    D:13: 1586 daAuts
Vaults:4: 1562 daAuts
Vaults:5: 1557 daAuts
  Lair:5: 1532 daAuts
 Swamp:2: 1517 daAuts
Vaults:1: 1467 daAuts
   Orc:2: 1465 daAuts
Spider:4: 1348 daAuts
Depths:1: 1302 daAuts
Spider:1: 1284 daAuts
Vaults:3: 1269 daAuts
